 Dungeon Crawl Stone Soup version 0.28-a0-533-g9f97627e2a (webtiles) character file.

Game seed: 11929892843155831909

20857 Conn the Arsonist (level 12, -32/72 HPs)
             Began as an Octopode Fire Elementalist on Sept 26, 2021.
             Was an Elder of Sif Muna.
             Hit by a large rock thrown by a stone giant (51 damage)
             ... on level 2 of the Orcish Mines.
             The game lasted 00:59:04 (15609 turns).

Conn the Arsonist (Octopode Fire Elementalist)     Turns: 15609, Time: 00:59:04

Health: -32/72     AC:  1    Str:  7    XL:     12   Next: 83%
Magic:  22/43      EV: 17    Int: 32    God:    Sif Muna [****..]
Gold:   350        SH:  0    Dex:  9    Spells: 2/30 levels left

rFire   + . .      SeeInvis +   C - +5 mace of Jesupn {vorpal, rCorr Int+9 Dex-3 SInv}
rCold   + . .      Faith    .   (no shield)
rNeg    + . .      Spirit   .   (helmet restricted)
rPois   .          Reflect  .   l - amulet of magic regeneration
rElec   +          Harm     .   b - +4 ring of evasion
rCorr   +          Rampage  .   x - ring of fire
Will    +++..                   F - ring of willpower
Stlth   ++++......              c - ring of Guiskuov {rElec rF+ Will+ MP+9}
HPRegen 0.22/turn               k - ring of ice
MPRegen 0.53/turn               G - ring of magical power
                                J - ring "Oxireh" {rElec rC+ rN+ Will+}
                                (no ring)

@: no status effects
A: almost no armour, amphibious, 8 rings, camouflage 1, gelatinous body 1,
(nimble swimmer 1), tentacles
a: Renounce Religion, Channel Magic, Forget Spell, Divine Exegesis


You were on level 2 of the Orcish Mines.
You worshipped Sif Muna.
Sif Muna was greatly pleased with you.
You visited 3 branches of the dungeon, and saw 14 of its levels.

You collected 1104 gold pieces.
You spent 754 gold pieces at shops.

Inventory:

Hand Weapons
 g - a +0 dagger
 i - a +0 vampiric short sword
 z - a +4 short sword
 C - the +5 mace of Jesupn (weapon) {vorpal, rCorr Int+9 Dex-3 SInv}
   (You bought it in a shop on level 1 of the Orcish Mines)

   It inflicts extra damage upon your enemies.
   Int:       It affects your intelligence (+9).
   Dex:       It affects your dexterity (-3).
   SInv:      It lets you see invisible.
   rCorr:     It protects you from acid and corrosion.
 E - a +8 dagger of freezing
Armour
 y - a +0 buckler
Jewellery
 b - a +4 ring of evasion (left tentacle)
 c - the ring of Guiskuov (on tentacle) {rElec rF+ Will+ MP+9}
   (You acquired it on level 9 of the Dungeon)

   [ring of protection from fire]

   rF:        It protects you from fire.
   rElec:     It insulates you from electricity.
   MP:        It affects your magic capacity (+9).
   Will:      It increases your willpower.
 k - a ring of ice (on tentacle)
 l - an amulet of magic regeneration (around mantle)
 x - a ring of fire (right tentacle)
 F - a ring of willpower (on tentacle)
 G - a ring of magical power (on tentacle)
 J - the ring "Oxireh" (on tentacle) {rElec rC+ rN+ Will+}
   (You bought it in a shop on level 2 of the Orcish Mines)

   [ring of protection from cold]

   rC:        It protects you from cold.
   rElec:     It insulates you from electricity.
   rN:        It protects you from negative energy.
   Will:      It increases your willpower.
Wands
 d - a wand of flame (37)
 j - a wand of iceblast (28)
 w - a wand of mindburst (42)
 A - a wand of acid (4)
Scrolls
 a - 3 scrolls of teleportation
 f - 2 scrolls of amnesia
 p - a scroll of blinking
 t - 2 scrolls of fog {unknown}
 u - a scroll of magic mapping
 B - a scroll of summoning {unknown}
 H - a scroll of immolation
Potions
 e - a potion of might
 h - 2 potions of curing
 m - a potion of lignification
 n - a potion of berserk rage
 o - a potion of resistance
 q - 2 potions of attraction
 r - a potion of flight
 s - 2 potions of mutation
 D - a potion of magic
Miscellaneous
 I - a phial of floods


   Skills:
 + Level 2.6 Fighting
 + Level 2.0 Short Blades
 + Level 0.2 Maces & Flails
 + Level 4.1 Dodging
 + Level 7.4 Stealth
 * Level 6.6 Shields
 + Level 0.4 Unarmed Combat
 + Level 9.5 Spellcasting
 + Level 7.7 Conjurations
 + Level 4.6 Hexes
 * Level 2.5 Summonings
 + Level 9.8 Fire Magic
 * Level 4.0 Ice Magic
 * Level 3.7 Air Magic
 - Level 3.0 Poison Magic
 - Level 6.0 Invocations


You had 2 spell levels left.
You knew the following spells:

 Your Spells              Type           Power      Damage    Failure   Level
a - Foxfire               Conj/Fire      100%       2x1d9     1%          1
b - Conjure Flame         Conj/Fire      82%        6-21      1%          3
c - Inner Flame           Hex/Fire       75%        N/A       1%          3
d - Flame Wave            Conj/Fire      82%        3d14      1%          4
e - Scorch                Fire           100%       2d10      1%          2
f - Mephitic Cloud        Conj/Pois/Air  46%        N/A       1%          3
g - Ignite Poison         Fire/Tmut/Pois 59%        N/A       1%          3
h - Freezing Cloud        Conj/Ice/Air   32%        6-21      11%         5
i - Summon Ice Beast      Ice/Summ       53%        N/A       9%          4

Your spell library contained the following spells:

 Spells                   Type           Power      Damage    Failure   Level
 Poisonous Vapours        Pois/Air       72%        N/A       1%          2
 Corpse Rot               Necr/Air       N/A        N/A       2%          2
 Frozen Ramparts          Ice            100%       1d12      1%          3
 Gell's Gravitas          Tloc           7%         N/A       10%         3
 Lesser Beckoning         Tloc           15%        N/A       10%         3
 Teleport Other           Tloc           15%        N/A       10%         3
 Ice Form                 Ice/Tmut       42%        N/A       14%         4


Dungeon Overview and Level Annotations

Branches:
Dungeon (11/15)            Temple (1/1) D:5            Lair (0/6) D:9
    Orc (2/2) D:10
    Elf: Orc:2

Altars:
Ashenzari
Cheibriados
Dithmenos
Elyvilon
Fedhas
Gozag
Hepliaklqana
Kikubaaqudgha
Makhleb
Nemelex Xobeh
Okawaru
Qazlal
Ru
Sif Muna
Trog
Uskayaw
Vehumet
Wu Jian
Xom
Yredelemnul
Zin
The Shining One

Shops:
Orc:1 (   Orc:2 *


Innate Abilities, Weirdness & Mutations

You cannot wear most types of armour.
You are amphibious.
You can wear up to eight rings at the same time.
Your skin changes colour to match your surroundings (Stealth+).
Your rubbery body absorbs attacks. (AC +1, EV +1)
((You are camouflaged near water. (Stealth+)))
You have tentacles for arms and can constrict up to eight enemies at once.


Message History

The mass of ice explodes!
The iceblast engulfs the orc warrior!
You kill the orc warrior!
Sif Muna accepts your kill.
The iceblast engulfs the ettin.
The ettin is lightly wounded.
The iceblast engulfs the orc warrior but does no damage.
The orc warrior is heavily wounded.
The ettin is engulfed in blazing flames.
Unknown command.
Unknown command.
Aiming: Iceblast
Press: ? - help, Shift-Dir - straight line, f - ettin
Aim: an ettin, wielding a +4 dire flail and a +1 dire flail of holy wrath (flame, moderately wounded)
The mass of ice explodes!
The iceblast engulfs the ettin!
The ettin is heavily wounded.
The iceblast engulfs the orc warrior!
Flame seeps out of the orc warrior.
The orc warrior is almost dead.
You hear a shout!
The ettin is engulfed in blazing flames.
The orc warrior is engulfed in blazing flames.
Sif Muna accepts your kill.
The orc warrior explodes!
Casting: Mephitic Cloud (safe; 1% risk of failure)
Confirm with . or Enter, or press ? or * to list all spells.
Okay, then.
Unknown command.
Unknown command.
Press: ? - help, v - describe, . - travel
Here: an ettin, wielding a +4 dire flail and a +1 dire flail of holy wrath (severely wounded)
The floor.
Unknown command.
Blink to where?
Press: ? - help, Dir - move target, p - ettin
As you read the scroll of blinking, it crumbles to dust.
The stone giant shouts!
You hear a shout!
The orc is engulfed in noxious fumes.
The orc appears confused.
Flame seeps out of the orc.
The stone giant throws a large rock.
The large rock hits you!!!
Ouch! That really hurt!
You die...

)..#....### ###
..#.#..##.#####.##
.#...#.#....##...##
#..∩..#......##..§#
§#...#......####C.## #
..#.#........###§○§## .#
...#.........##)§○#(##...
.............o○#§#....#.#
..........C.....@........
........................#
.....(...##.###.........#
......o###### ##.......##
....... .........#
....... ........... .
............ .
......#...... .
#.............


You could see a stone giant, an ettin and an orc (inner flame, confused).

Vanquished Creatures
  The ghost of dricus the Protected, a journeyman GnWn of Makhleb (D:11)
  Josephine (D:11)
  3 two-headed ogres
  Erica (D:10)
  An orc high priest (Orc:1)
  An orc knight (Orc:2)
  An orc sorcerer (Orc:1)
  2 cyclopes (Orc:2)
  An unseen horror (D:9)
  Prince Ribbit (D:6)
  6 trolls
  Grinder (D:3)
  2 hornets
  A shadow (D:5)
  7 wraiths
  2 wyverns
  22 yaks
  3 spriggans (D:11)
  A steam dragon (D:9)
  2 wargs (Orc:1)
  An acid dragon (D:11)
  A water moccasin (D:9)
  Duvessa (D:4)
  16 orc warriors
  An ice beast (D:5)
  3 black bears
  A sky beast (D:6)
  8 ogres
  7 centaurs
  2 phantoms (D:5)
  6 bullfrogs
  A gnoll sergeant (D:10)
  8 scorpions
  A water moccasin zombie (D:6)
  Dowan (D:4)
  A wyvern skeleton (D:7)
  9 killer bees
  7 wights
  7 electric eels (D:7)
  A howler monkey (D:6)
  2 centaur zombies
  7 hounds
  10 orc priests
  A jelly (D:4)
  2 centaur skeletons (D:7)
  Ijyb (D:5)
  2 iguanas
  14 orc wizards
  A hound zombie (D:5)
  A howler monkey zombie (D:6)
  9 gnolls
  6 adders
  A shadow imp (D:6)
  A white imp (D:5)
  An ufetubus (D:6)
  5 dart slugs
  45 orcs
  5 ball pythons
  5 bats
  8 endoplasms
  9 giant cockroaches
  9 hobgoblins
  12 jackals
  3 kobolds
  4 quokkas
  A frilled lizard (D:2)
  7 goblins
  6 rats
  A butterfly (D:5)
322 creatures vanquished.

Vanquished Creatures (collateral kills)
  19 foxfires (D:7)
19 creatures vanquished.

Vanquished Creatures (others)
  1112 foxfires
  42 fungi
  46 plants
1200 creatures vanquished.

Grand Total: 1541 creatures vanquished

Notes
Turn   | Place    | Note
-------+----------+-------------------------------------------
     0 | D:1      | Conn the Octopode Fire Elementalist began the quest for the
                  | Orb.
     0 | D:1      | Reached XP level 1. HP: 11/11 MP: 3/3
   402 | D:1      | Reached XP level 2. HP: 9/17 MP: 1/5
  1042 | D:1      | Reached XP level 3. HP: 10/21 MP: 0/7
  2003 | D:2      | Reached XP level 4. HP: 27/27 MP: 6/8
  2912 | D:3      | Found a faded altar of an unknown god.
  2916 | D:3      | Noticed a golden eye
  2918 | D:3      | Noticed a floating eye
  2918 | D:3      | Noticed a shining eye
  2918 | D:3      | Noticed a golden eye
  3194 | D:3      | Noticed Grinder
  3199 | D:3      | Paralysed by Grinder for 2 turns
  3321 | D:2      | Learned a level 3 spell: Conjure Flame
  3325 | D:2      | Learned a level 3 spell: Inner Flame
  3462 | D:3      | Killed Grinder
  3463 | D:3      | Reached skill level 5 in Stealth
  3463 | D:3      | Reached XP level 5. HP: 32/32 MP: 2/9
  3463 | D:3      | Reached XP level 6. HP: 37/37 MP: 2/10
  3543 | D:4      | Reached skill level 1 in Short Blades
  3838 | D:4      | Reached skill level 1 in Fighting
  3838 | D:4      | Reached XP level 7. HP: 28/43 MP: 12/12
  4093 | D:4      | Noticed Duvessa
  4123 | D:4      | Noticed Dowan
  4131 | D:4      | Killed Duvessa
  4146 | D:4      | Killed Dowan
  4147 | D:4      | Reached skill level 1 in Hexes
  4318 | D:5      | Entered Level 5 of the Dungeon
  4388 | D:5      | Reached XP level 8. HP: 43/48 MP: 6/14
  4389 | D:5      | Reached skill level 5 in Fire Magic
  4599 | D:5      | Noticed Ijyb
  4603 | D:5      | HP: 2/49 [disintegration (31)]
  4901 | D:4      | Learned a level 4 spell: Flame Wave
  4904 | D:4      | Learned a level 2 spell: Scorch
  5077 | D:5      | Found a staircase to the Ecumenical Temple.
  5086 | Temple   | Entered the Ecumenical Temple
  5268 | Temple   | Became a worshipper of Sif Muna the Loreminder
  5529 | D:5      | Killed Ijyb
  5530 | D:5      | Reached skill level 5 in Spellcasting
  5609 | D:5      | Noticed a shadow
  5628 | D:5      | Killed a shadow
  5779 | D:5      | Found a large runed translucent door.
  5779 | D:5      | Found a large runed translucent door.
  6095 | D:5      | Found an ornate altar of the Wu Jian Council.
  6107 | D:5      | Found a glowing golden altar of the Shining One.
  6202 | D:6      | Reached XP level 9. HP: 48/54 MP: 17/17
  6336 | D:6      | Reached skill level 1 in Shields
  6336 | D:6      | Reached skill level 1 in Invocations
  6550 | D:6      | Reached * piety under Sif Muna
  6551 | D:6      | Reached skill level 5 in Conjurations
  6690 | D:6      | Noticed Prince Ribbit
  6696 | D:6      | Killed Prince Ribbit
  7808 | D:7      | Reached XP level 10. HP: 60/60 MP: 19/19
  9757 | D:8      | You fall into a shaft and drop 1 floor!
  9959 | D:9      | Reached ** piety under Sif Muna
 10487 | D:9      | Reached skill level 5 in Invocations
 10495 | D:9      | Reached XP level 11. HP: 64/64 MP: 8/22
 10599 | D:9      | Found a staircase to the Lair.
 10800 | D:9      | Noticed a two-headed ogre
 10810 | D:9      | Killed a two-headed ogre
 11223 | D:9      | Identified a scroll of acquirement
 11223 | D:9      | Acquired the ring of Guiskuov {rElec rF+ Will+ MP+9}
 11334 | D:9      | Learned a level 3 spell: Mephitic Cloud
 11338 | D:9      | Learned a level 3 spell: Ignite Poison
 11344 | D:9      | Learned a level 5 spell: Freezing Cloud
 11413 | D:10     | Entered Level 10 of the Dungeon
 11432 | D:9      | HP: 3/64 [something (10)]
 11741 | D:10     | Reached skill level 1 in Poison Magic
 12042 | D:10     | Reached skill level 1 in Air Magic
 12378 | D:10     | Found a sparkling altar of Nemelex Xobeh.
 12378 | D:10     | Found a stormy altar of Qazlal.
 12459 | D:10     | Noticed Erica
 12482 | D:10     | Found a staircase to the Orcish Mines.
 12563 | D:10     | Killed Erica
 12563 | D:10     | Reached *** piety under Sif Muna
 12564 | D:10     | Reached skill level 5 in Shields
 12564 | D:10     | Reached skill level 1 in Ice Magic
 13233 | D:11     | Found a runed translucent door.
 13237 | D:11     | Identified the +3 trident of the Foot {speed, rF+}
 13237 | D:11     | Noticed dricus's ghost (journeyman GnWn)
 13274 | D:11     | Killed dricus's ghost
 13275 | D:11     | Reached XP level 12. HP: 33/72 MP: 24/24
 13488 | D:11     | Noticed a two-headed ogre
 13505 | D:11     | Killed a two-headed ogre
 13648 | D:11     | Noticed Josephine
 13654 | D:11     | Killed Josephine
 13831 | D:11     | Noticed a two-headed ogre
 13840 | D:11     | Killed a two-headed ogre
 14019 | Orc:1    | Entered Level 1 of the Orcish Mines
 14025 | Orc:1    | Learned a level 4 spell: Summon Ice Beast
 14105 | Orc:1    | Reached **** piety under Sif Muna
 14152 | Orc:1    | Noticed an orc high priest
 14165 | Orc:1    | Killed an orc high priest
 14169 | Orc:1    | Reached skill level 1 in Summonings
 14536 | Orc:1    | Found Jihawue's Weapon Shop.
 14558 | Orc:1    | Bought the +5 mace of Jesupn {vorpal, rCorr Int+9 Dex-3
                  | SInv} for 589 gold pieces
 15270 | Orc:2    | Entered Level 2 of the Orcish Mines
 15284 | Orc:2    | Noticed a stone giant
 15491 | Orc:2    | Found Galosos's Assorted Antiques.
 15499 | Orc:2    | Bought a vibrating marble ring for 165 gold pieces
 15499 | Orc:2    | Identified the ring "Oxireh" {rElec rC+ rN+ Will+} (You
                  | bought it in a shop on level 2 of the Orcish Mines)
 15601 | Orc:2    | Noticed an ettin
 15602 | Orc:2    | HP: 1/72 [cyclops/large rock (9)]
 15609 | Orc:2    | Hit by a large rock thrown by a stone giant

Illustrated notes

Levels and vault maps discovered:
D:1:      amcnicky_arrival_underground_garden, layout_basic,
          minmay_splitting_lines, minmay_ruptured
D:2:      layout_basic
D:3:      layout_rooms, hellmonk_ecumenical_altar_watching_god,
          hex_intersection, uniq_grinder
D:4:      layout_basic, uniq_duvessa
D:5:      layout_cave_pods, jmf_multi_god_temple2,
          minmay_temple_entry_butterflies, uniq_ijyb
D:6:      layout_basic, nicolae_sextant, uniq_prince_ribbit1
D:7:      layout_layer_cave, serial_bayou, serial_bayou_ford_a,
          serial_bayou_pond_a, serial_bayou_pond_d, serial_bayou_lake_a,
          serial_bayou_pond_c
D:8:      layout_basic, solitary_fountain
D:9:      layout_basic, due_lair_maze_entry_diamond
D:10:     layout_long_grid, gammafunk_temple_overflow_pools, orc_0_dummy,
          uniq_erica
D:11:     layout_irregular_city, ebering_ghost_funeral_grove, uniq_josephine
Temple:   dpeg_five_rooms_temple
Orc:1:    layout_caves, serial_shops, nicolae_shop_behind_doors
Orc:2:    grunt_orc_gardens, layout_caves, grunt_orc_garden, grunt_orc_garden,
          grunt_orc_garden, grunt_orc_garden, serial_shops, nicolae_diamond_shop

Skill      XL: |  1  2  3  4  5  6  7  8  9 10 11 12 |
---------------+-------------------------------------+-----
Stealth        | 3 5 6 7 |  7.4
Spellcasting   | 3 4 5 6 7 8 9 |  9.5
Conjurations   | 2 3 4 5 6 7 |  7.7
Fire Magic     | 4 5 6 8 9 |  9.8
Short Blades   | 1 2 |  2.0
Fighting       | 1 2 |  2.6
Dodging        | 3 4 |  4.1
Hexes          | 1 2 3 4 |  4.6
Shields        | 2 4 5 6 |  6.6
Invocations    | 3 5 6 |  6.0
Poison Magic   | 3 |  3.0
Air Magic      | 2 3 |  3.7
Ice Magic      | 2 4 |  4.0
Summonings     | 2 |  2.5
Maces & Flails | |  0.2
Unarmed Combat | |  0.4

Action                   |  1- 3 |  4- 6 |  7- 9 | 10-12 || total
-------------------------+-------+-------+-------+-------++-------
Melee: Unarmed           |    51 |     1 |       |       ||    52
       Constrict         |    16 |    10 |     7 |     5 ||    38
       Tentacles         |     5 |     4 |     3 |     3 ||    15
       Short sword       |       |    31 |    28 |     4 ||    63
       Dagger            |       |    13 |       |    10 ||    23
       Mace              |       |       |       |    10 ||    10
 Cast: Foxfire           |    50 |    51 |   177 |   372 ||   650
       Inner Flame       |       |     1 |    17 |    98 ||   116
       Conjure Flame     |       |     1 |     3 |     1 ||     5
       Scorch            |       |       |     1 |     8 ||     9
       Flame Wave        |       |       |     1 |     9 ||    10
       Mephitic Cloud    |       |       |       |    13 ||    13
       Ignite Poison     |       |       |       |     3 ||     3
       Freezing Cloud    |       |       |       |     1 ||     1
Evoke: Wand              |       |       |       |     8 ||     8
  Use: Potion            |     2 |       |       |     9 ||    11
       Scroll            |       |       |       |    26 ||    26
 Stab: Sleeping          |       |    10 |     8 |       ||    18
       Confused          |       |       |       |     1 ||     1
Armor: Skin              |     5 |     3 |     1 |     1 ||    10
Dodge: Dodged            |    51 |    51 |    44 |    86 ||   232

Table legend: (Time is in decaauts)
 A = Elapsed time spent in this place.
 B = Non-inter-level travel time spent in this place.
 C = Inter-level travel time spent in this place.
 D = Time resting spent in this place.
 E = Time spent auto-exploring this place.
 F = Levels seen in this place.
 G = Mean time per level.
                   A        B        C        D        E       F      G
               +--------+--------+--------+--------+--------+-----+--------+
         Total |  15569 |  15261 |    308 |   2426 |   9105 |  14 | 1112.1 |
       Dungeon |  14088 |  13810 |    278 |   2172 |   8417 |  11 | 1280.7 |
        Temple |    211 |    182 |     29 |      0 |    163 |   1 |  211.0 |
  Orcish Mines |   1268 |   1268 |      0 |    254 |    525 |   2 |  634.0 |
               +--------+--------+--------+--------+--------+-----+--------+

Top non-repeatable levels by time:
     D:7: 2190 daAuts
     D:1: 1803 daAuts
    D:10: 1508 daAuts
     D:9: 1365 daAuts
     D:5: 1329 daAuts
    D:11: 1174 daAuts
     D:6: 1141 daAuts
     D:4: 1116 daAuts
     D:2: 1114 daAuts
   Orc:1: 1113 daAuts
     D:8: 764 daAuts
     D:3: 580 daAuts
  Temple: 211 daAuts
   Orc:2: 155 daAuts
